 Dungeon Crawl Stone Soup version 0.31.0-11-ge490571c62 (webtiles) character file.

Game seed: 6202205075936603428

20 Flugkiller the Chiller (level 2, -5/13 HPs)
             Began as a Vine Stalker Ice Elementalist on Feb 3, 2024.
             Slain by an orc
             ... wielding a +0 trident
              (8 damage)
             ... on level 3 of the Dungeon.
             The game lasted 00:00:35 (257 turns).

Flugkiller the Chiller (VSIE)                        Turns: 257, Time: 00:00:36

Health: -5/13      AC:  2    Str: 10    XL:     2   Next: 79%
Magic:  0/6        EV: 12    Int: 15    God:
Gold:   3          SH:  0    Dex: 14    Spells: 5/6 levels left

rFire   . . .        e - +0 hand axe
rCold   . . .        (no shield)
rNeg    . . .        a - +0 robe
rPois   .            (no helmet)
rElec   .            (no cloak)
rCorr   .            (no gloves)
SInv    .            (no boots)
Will    .....        (no amulet)
Stlth   ++           (no ring)
HPRegen 1.02/turn    (no ring)
MPRegen 0.10/turn

%: guardian spirit
@: no status effects
A: fangs 2, regeneration 1, magic shield, antimagic bite, no potion heal 2
a: no special abilities


You were on level 3 of the Dungeon.
You visited 1 branch of the dungeon, and saw 3 of its levels.

You collected 3 gold pieces.

Inventory:

Hand Weapons
 e - a +0 hand axe (weapon)
   (You found it on level 2 of the Dungeon)
Armour
 a - a +0 robe (worn)
Scrolls
 f - a scroll of poison {unknown}
 g - a scroll of teleportation {unknown}
Potions
 b - a potion of magic
 c - a potion of resistance {unknown}
 d - a potion of curing {unknown}


   Skills:
 - Level 1.5 Dodging
 - Level 2.4 Stealth
 + Level 2.8 Spellcasting
 + Level 4.4 Ice Magic


You had 5 spell levels left.
You knew the following spells:

 Your Spells              Type           Power      Damage    Failure   Level
a - Freeze                Ice            60%        1d7       3%          1

Your spell library contained the following spells:

 Spells                   Type           Power      Damage    Failure   Level
 Frozen Ramparts          Ice            30%        1d5       10%         3
 Ozocubu's Armour         Ice            15%        N/A       10%         3
 Summon Ice Beast         Ice/Summ       8%         N/A       26%         3


Dungeon Overview and Level Annotations

Branches:
Dungeon (3/15) Zot: 17733

Altars:

Shops:
D:3 ?


Innate Abilities, Weirdness & Mutations

You have extremely sharp teeth.
Your natural rate of healing is unusually fast.
When hurt, damage is shared between your health and your magic reserves.
Your bite disrupts and absorbs the magic of your enemies.
Potions cannot restore your health.


Message History

The endoplasm is heavily wounded.
The endoplasm closely misses you.
You hit the endoplasm but do no damage. You bite the endoplasm.
You drain its power.
The endoplasm is severely wounded.
The endoplasm closely misses you. The endoplasm hits you.
The endoplasm freezes you.
You are frozen.
You slash the endoplasm!
You kill the endoplasm!
No target in view!
You enter the shallow water.
Moving in this stuff is going to be slow.
You now have 1 gold piece.
There is a faded altar of an unknown god here.
This altar belongs to (a) Ru, (b) Hepliaklqana or (c) Trog, but you can't tell which.
Press the corresponding letter to learn more about a god, or press enter to convert or escape to cancel.
Okay, then.
You enter the shallow water.
Moving in this stuff is going to be slow.
You now have 2 gold pieces (gained 1).
You now have 3 gold pieces (gained 1).
Magic restored.
There is a stone staircase leading down here.
You climb downwards.
There is a stone staircase leading up here.
Unknown command.
Found a whip.
Found a stone staircase leading down.
Unknown command.
Found a ring mail.
There is a stone staircase leading down here.
You climb downwards.
There is a stone staircase leading up here.
Unknown command.
Found Fitusaug's Magic Scroll Emporium.
The frilled lizard hisses angrily.
The frilled lizard barely misses you.
You barely miss the frilled lizard. The frilled lizard misses you.
Casting: Freeze (safe; 3% risk of failure)
Confirm with . or Enter, or press ? or * to list all spells.
Aiming: Freeze (safe; 3% risk of failure)
Press: ? - help, Shift-Dir - straight line, f - frilled lizard
Aim: a frilled lizard You freeze the frilled lizard.
You kill the frilled lizard!
Casting: Freeze (safe; 3% risk of failure)
Confirm with . or Enter, or press ? or * to list all spells.
You can't see any susceptible monsters within range! (Use Z to cast anyway.)
There is an entrance to Fitusaug's Magic Scroll Emporium here.
Found a scroll labelled WOEDOAL CANK.
An orc comes into view. It is wielding a +0 hand axe.
Found a falchion.
The orc shouts!
You hear a shout!
An orc comes into view. It is wielding a +0 club.
An orc comes into view. It is wielding a +0 trident.
The orc shouts!
An orc comes into view. It is wielding a +0 hand axe.
The orc hits you with a +0 hand axe.
You see here a scroll labelled WOEDOAL CANK.
g - a scroll labelled WOEDOAL CANK The orc hits you but does no damage.
The orc closely misses you. x2
Unknown command.
The orc hits you with a +0 hand axe. The orc attacks as it pursues you!
The orc barely misses you. The orc attacks as it pursues you!
The orc barely misses you. The orc attacks as it pursues you!
The orc hits you from afar with a +0 trident.
The orc attacks as it pursues you!
The orc hits you from afar with a +0 trident.
You are too injured to fight recklessly!
You are too injured to fight recklessly!
There is a stone staircase leading up here.
HP restored.
You climb upwards.
There is a stone staircase leading down here.
You climb downwards.
There is a stone staircase leading up here.
The orc misses you. The orc closely misses you.
You hit the orc.
The orc is moderately wounded.
You hit the orc. The orc closely misses you. The orc hits you with a +0 club.
The orc hits you with a +0 hand axe.
You hit the orc.
You kill the orc!
You hit the orc. The orc hits you with a +0 hand axe.
The orc closely misses you.
The orc hits you from afar with a +0 trident.
You are too injured to fight recklessly!
You barely miss the orc. You bite the orc.
You kill the orc!
You barely miss the orc. The orc closely misses you.
The orc hits you from afar with a +0 trident.
* * * LOW HITPOINT WARNING * * *
You are too injured to fight recklessly!
The orc attacks as it pursues you! The orc barely misses you.
The orc attacks as it pursues you!
The orc hits you from afar with a +0 trident!
Ouch! That really hurt!
You die...

............#..∩..##
.............#...#.#
............o.#.#..####
...........oo..#......#
............###.......#
....).......# #)......#
............# #.o.....#
............###.o.†...##
............+...@.......+
...........##########.##
#####+##### .#


You could see 2 orcs.

Vanquished Creatures
  An adder (D:2)
  2 orcs (D:3)
  4 endoplasms (D:1)
  A frilled lizard (D:3)
  A rat (D:2)
9 creatures vanquished.

Notes
Turn   | Place    | Note
-------+----------+-------------------------------------------
     0 | D:1      | Flugkiller the Vine Stalker Ice Elementalist began the
                  | quest for the Orb.
     0 | D:1      | Reached XP level 1. HP: 9/9 MP: 4/4
    61 | D:2      | Reached XP level 2. HP: 13/13 MP: 0/6
   148 | D:1      | Found a faded altar of an unknown god.
   215 | D:3      | Found Fitusaug's Magic Scroll Emporium.
   257 | D:3      | Slain by an orc

Illustrated notes

Levels and vault maps discovered:
D:1:      dpeg_arrival_rooms_a, layout_rooms,
          hellmonk_ecumenical_altar_pennies_from_heaven, kennysheep_flooded_box
D:2:      layout_basic, minmay_curled_crystal, minmay_between
D:3:      layout_basic, serial_shops, nicolae_diamond_shop,
          chequers_serial_rivers_marsh, uniq_jessica, uniq_grinder

Action                     || total
---------------------------++-------
  Melee: Hand axe          ||    20
         Bite              ||     5
   Cast: Freeze            ||     4
 Armour: Robe              ||    14
  Dodge: Dodged            ||    22
